AoeStats
← ChingChing

Arabia

509849457Analyzed
1v1 RM · 5d ago on Sep 28, 2026· 39m 22s· 2 players
Game mode
Random Map
Map size
Tiny (2 player)
Population
200
Speed
Normal
Resources
Standard
Victory
Conquest
Starting age
Dark Age
Ending age
Imperial Age
RankedLock teamsTeams togetherTeam positionsShared explorationLock speedFull tech treeHidden civsTurbo modeCheats
Victory
Defeat
🇦🇹 Portuguese · Austria
959
+15
🇭🇰 Tatars · Hong Kong SAR China
930
-15
ChingChing
2:14 Loom
10:45 Feudal Age
15:32 Castle Age
13:46 Fletching
16:57 Bodkin Arrow
34:08 Padded Archer Armor
skebi
6:33 Loom
10:15 Feudal Age
13:31 Double-Bit Axe
13:38 Horse Collar
16:32 Fletching
19:33 Padded Archer Armor
25:00 Castle Age
27:27 Bloodlines
26:38 Light Cavalry
27:37 Scale Barding Armor
27:28 Bodkin Arrow
29:50 Elite Skirmisher
38:26 Leather Archer Armor
Connection lost

Rejoining the realm…

Still unreachable

The connection could not be restored.

Session expired

The server has moved on; the page needs a fresh start.